 Dungeon Crawl Stone Soup version 0.29-a0-998-g1987434951 (webtiles) character file.

Game seed: 9976842903754600255

1049 zishaf the Covert (level 8, -12/56 HPs)
             Began as a Vampire Enchanter on Aug 5, 2022.
             Mangled by an orc warrior
             ... wielding a +0 trident
              (14 damage)
             ... on level 5 of the Dungeon.
             The game lasted 00:08:58 (5324 turns).

zishaf the Covert (Vampire Enchanter)               Turns: 5324, Time: 00:08:58

Health: -12/56     AC:  3    Str:  7    XL:     8   Next: 5%
Magic:  10/12      EV: 12    Int: 20    God:
Gold:   142        SH:  0    Dex: 14    Spells: 5/13 levels left

rFire   . . .      SeeInvis +   a - +2 dagger
rCold   + . .      Faith    +   (no shield)
rNeg    . . .      Spirit   .   t - +0 robe
rPois   .          Reflect  .   (no helmet)
rElec   .          Harm     .   j - +0 cloak
rCorr   .          Rampage  .   (no gloves)
Will    .....                   (no boots)
Stlth   ++........              d - amulet of faith
HPRegen 0.38/turn               o - ring of ice
MPRegen 0.13/turn               s - ring of protection from fire

@: confused, healing quickly
A: alive, fangs 3, see invisible, vampiric 2
a: Exsanguinate


You were on level 5 of the Dungeon.
You visited 1 branch of the dungeon, and saw 6 of its levels.

You collected 142 gold pieces.

Inventory:

Hand Weapons
 a - a +2 dagger (weapon)
 b - a +2 vorpal scimitar
Armour
 j - a +0 cloak (worn)
 t - a +0 robe (worn)
Magical Staves
 l - a staff of cold
Jewellery
 d - an amulet of faith (around neck)
 g - a +6 ring of strength
 o - a ring of ice (left hand)
 s - a ring of protection from fire (right hand)
Scrolls
 f - a scroll of fear
 i - 2 scrolls of enchant weapon
 n - a scroll of vulnerability
 y - a scroll of fog
Potions
 c - 2 potions of invisibility
 e - a potion of brilliance {unknown}
 h - a potion of attraction {unknown}
 k - 8 potions of curing
 m - 2 potions of heal wounds
 p - 2 potions of ambrosia {unknown}
 r - 2 potions of might
 u - a potion of berserk rage {unknown}
 v - 2 potions of haste {unknown}
 x - a potion of magic {unknown}
 z - a potion of flight {unknown}


   Skills:
 + Level 2.1 Fighting
 + Level 4.9 Short Blades
 - Level 2.1 Dodging
 - Level 8.0 Stealth
 - Level 3.0 Spellcasting
 + Level 7.5 Hexes
 + Level 3.8 Ice Magic


You had 5 spell levels left.
You knew the following spells:

 Your Spells              Type           Power      Damage    Failure   Level
a - Ensorcelled Hibernat  Hex/Ice        76%        N/A       1%          2
c - Tukima's Dance        Hex            33%        N/A       1%          3
A - Confusing Touch       Hex            33%        N/A       1%          3

Your spell library contained the following spells:

 Spells                   Type           Power      Damage    Failure   Level
 Dazzling Flash           Conj/Hex       36%        N/A       9%          3
 Magic Dart               Conj           12%        1d3       14%         1
 Call Imp                 Summ           3%         N/A       22%         2
 Mephitic Cloud           Conj/Pois/Air  3%         N/A       38%         3


Dungeon Overview and Level Annotations

Branches:
Dungeon (6/15)
 Temple: D:4-7

Altars:


Innate Abilities, Weirdness & Mutations

Your natural rate of healing is accelerated.
You have razor-sharp teeth.
You have supernaturally acute eyesight. (SInv)
You are afflicted with vampirism and can become a bat while bloodless.


Message History

There is a stone staircase leading up here.
The orc shouts!
The orc warrior barely misses you.
You climb upwards.
There is a stone staircase leading down here.
You start resting.
Magic restored.
You climb downwards.
The orc warrior hits you with a +0 trident.
The orc hits you with a +0 hand axe. The orc wizard closely misses you.
The orc warrior hits you with a +0 trident!
The orc closely misses you.
There is a stone staircase leading up, spattered with blood here.
The orc warrior hits you with a +0 trident.
The orc wizard hits you with a +0 dagger.
The orc misses you.
You climb upwards.
There is a stone staircase leading down here.
Casting: Ensorcelled Hibernation (safe; 1% risk of failure)
Confirm with . or Enter, or press ? or * to list all spells.
Aiming: Ensorcelled Hibernation (safe; 1% risk of failure)
Press: ? - help, Shift-Dir - straight line, f - orc
Aim: an orc, wielding a +0 hand axe and quivering boomerangs of dispersal (chance to affect: 80%)
You feel a surge of power!
The orc looks drowsy...
The orc wizard hits you with a +0 dagger.
The orc warrior hits you from afar with a +0 trident!
* * * LOW HITPOINT WARNING * * *
The helpless orc fails to defend itself.
You spit the orc like a pig!!!
You kill the orc!
The orc wizard casts a spell at you.
You are confused.
The orc warrior hits you from afar with a +0 trident!
* * * LOW HITPOINT WARNING * * *
You are too confused!
You bump into the rock wall.
The orc wizard hits you with a +0 dagger.
* * * LOW HITPOINT WARNING * * *
The orc warrior hits you from afar with a +0 trident!
You die...

#.## ##....#..†.# ###...
##.###.########.# #...
##.#.## #.# #### ##.## #.#
####### #.# #.# #...)). #.#
#.# #.##### ###.# #.# #.#
#...# ######.# #.# #.###
#.o)@o.# #.# #.#
#.#############.# #.# #.#
#.......##.#####
#>#######.####.#####.##......
#.##........##.# #.##.#####
#.##.####.#.##.# #...)#
#.##.# #.#.##.# #.##.# #.##.#
#.#.##.#####.##.# #.##.##
#.#.##.......##.## #


You could see an orc warrior and an orc wizard.

Vanquished Creatures
  2 water moccasins (D:5)
  An orc warrior (D:4)
  2 ogres
  A phantom (D:5)
  A scorpion (D:5)
  Crazy Yiuf (D:4)
  3 hounds
  A jelly (D:4)
  An orc priest (D:5)
  An iguana (D:4)
  2 orc wizards
  4 adders
  2 gnolls (D:6)
  A shadow imp (D:5)
  2 ufetubi
  2 worms
  3 dart slugs
  7 orcs
  8 ball pythons
  6 bats
  10 endoplasms
  3 giant cockroaches
  5 goblins
  8 hobgoblins
  5 jackals
  11 quokkas
  2 frilled lizards
  2 kobolds
  6 rats
103 creatures vanquished.

Notes
Turn   | Place    | Note
-------+----------+-------------------------------------------
     0 | D:1      | zishaf the Vampire Enchanter began the quest for the Orb.
     0 | D:1      | Reached XP level 1. HP: 13/13 MP: 3/3
   230 | D:1      | Reached XP level 2. HP: 19/19 MP: 5/5
   238 | D:1      | Learned a level 2 spell: Ensorcelled Hibernation
   924 | D:1      | Reached skill level 5 in Stealth
  1022 | D:2      | Reached skill level 5 in Hexes
  1022 | D:2      | Gained mutation: You are afflicted with vampirism and can
                  | become a bat while bloodless. [Vampire growth]
  1022 | D:2      | Reached XP level 3. HP: 23/24 MP: 1/6
  1283 | D:2      | Reached skill level 1 in Ice Magic
  1354 | D:2      | Learned a level 3 spell: Confusing Touch
  1442 | D:2      | Found a faded altar of an unknown god.
  2217 | D:3      | Reached XP level 4. HP: 19/30 MP: 0/7
  2719 | D:4      | Noticed an orc warrior
  3041 | D:4      | Found a runed translucent door.
  3042 | D:4      | Noticed Crazy Yiuf
  3048 | D:4      | Killed Crazy Yiuf
  3098 | D:4      | Noticed an ogre
  3104 | D:4      | Killed an ogre
  3105 | D:4      | Reached skill level 6 in Stealth
  3105 | D:4      | Reached XP level 5. HP: 15/35 MP: 5/8
  3143 | D:4      | Learned a level 3 spell: Tukima's Dance
  3325 | D:4      | Reached XP level 6. HP: 26/41 MP: 7/10
  4252 | D:4      | Killed an orc warrior
  4351 | D:5      | Entered Level 5 of the Dungeon
  4498 | D:5      | Reached XP level 7. HP: 46/46 MP: 11/11
  4707 | D:5      | Reached skill level 7 in Stealth
  4720 | D:5      | Reached skill level 1 in Fighting
  5167 | D:5      | Reached XP level 8. HP: 48/56 MP: 6/12
  5169 | D:5      | Reached skill level 8 in Stealth
  5324 | D:5      | HP: 2/56 [orc wizard/+0 dagger (3)]
  5324 | D:5      | Mangled by an orc warrior

Illustrated notes

Levels and vault maps discovered:
D:1:      onia_arrival_pyramid, layout_basic, minmay_pentomino_z2
D:2:      layout_basic, basic_ecumenical_altar, minmay_fractal_squares_5
D:3:      layout_loops_ring
D:4:      layout_loops_corners, uniq_crazy_yiuf_cottage
D:5:      layout_loops_ring
D:6:      layout_basic, gammafunk_temple_overflow_forgotten, uniq_maggie

Skill      XL: |  1  2  3  4  5  6  7  8 |
---------------+-------------------------+-----
Stealth        | 5 6 7 8 |  8.0
Short Blades   | 2 3 4 |  4.9
Hexes          | 5 6 7 |  7.5
Ice Magic      | 1 2 3 |  3.8
Spellcasting   | 3 |  3.0
Fighting       | 2 |  2.1
Dodging        | |  2.1

Action                   |  1- 3 |  4- 6 |  7- 9 || total
-------------------------+-------+-------+-------++-------
Melee: Dagger            |   119 |    85 |    56 ||   260
       Bite              |    14 |     5 |     7 ||    26
       Punch             |       |     2 |     1 ||     3
 Cast: Ensorcelled Hiber |    14 |    19 |    12 ||    45
       Confusing Touch   |       |     2 |     3 ||     5
       Tukima's Dance    |       |     2 |       ||     2
  Use: Scroll            |       |     8 |     3 ||    11
 Stab: Sleeping          |    24 |    30 |    13 ||    67
       Confused          |       |       |     1 ||     1
Armor: Robe              |    21 |    18 |     6 ||    45
Dodge: Dodged            |    82 |    42 |    29 ||   153

Table legend: (Time is in decaauts)
 A = Elapsed time spent in this place.
 B = Non-inter-level travel time spent in this place.
 C = Inter-level travel time spent in this place.
 D = Time resting spent in this place.
 E = Time spent auto-exploring this place.
 F = Levels seen in this place.
 G = Mean time per level.
                   A        B        C        D        E       F      G
               +--------+--------+--------+--------+--------+-----+--------+
         Total |   5287 |   5094 |    193 |    109 |   4049 |   6 |  881.2 |
       Dungeon |   5287 |   5094 |    193 |    109 |   4049 |   6 |  881.2 |
               +--------+--------+--------+--------+--------+-----+--------+

Top non-repeatable levels by time:
     D:4: 1467 daAuts
     D:1: 987 daAuts
     D:2: 976 daAuts
     D:5: 936 daAuts
     D:3: 903 daAuts
     D:6: 16 daAuts
